[Event "Titled Tuesday Blitz August 22 Early 2023"]
[White "Vovk, Orest"]
[Black "Matinian, Nikita"]
[WhiteFideId "14113490"]
[BlackFideId "24129100"]
[WhiteElo "2535"]
[BlackElo "2717"]
[Result "1/2-1/2"]
[Round "4"]
[TimeControl "180+1"]
[Date "2023.08.22"]
[WhiteClock "0:00:11"]
[BlackClock "0:00:21"]
[Board "70"]

1. g4 d5 2. h3 h5 3. g5 e5 4. d4 exd4 5. Nf3 c5 6. c3 dxc3 7. Nxc3 d4 8. Ne4 Nc6 9. g6 fxg6 10. Nfg5 Nf6 11. Qb3 Qc7 12. Bg2 Bf5 13. Bf4 Qd7 14. Rc1 Nxe4 15. Nxe4 Be6 16. Qg3 h4 17. Qxg6+ Qf7 18. Qxf7+ Bxf7 19. Nxc5 Bxc5 20. Rxc5 O-O 21. a3 Rac8 22. Bg5 Rfe8 23. Bxc6 bxc6 24. Kd2 Re6 25. Bxh4 Rce8 26. Re1 Rh6 27. Bg3 Bd5 28. h4 Rhe6 29. b4 a6 30. a4 Rd8 31. b5 axb5 32. axb5 cxb5 33. Rxb5 Bc4 34. Rb8 Rxb8 35. Bxb8 Rb6 36. Be5 Rb2+ 37. Kc1 Rxe2 38. Rxe2 Bxe2 39. Bxd4 Bf3 40. Kd2 Kf7 41. Ke3 Bh5 42. Kf4 g6 43. Kg5 Bd1 44. Bc3 Bc2 45. f4 Bd3 46. Bb2 Bc2 47. Be5 Bd3 48. Kg4 Bc2 49. Kf3 Bd3 50. Ke3 Bf5 51. Ba1 Ke6 52. Kd4 Bg4 53. Bb2 Kf5 54. Bc1 Bh5 55. Kd5 Bg4 56. Kd4 Bh5 57. Ke3 Bg4 58. Kf2 Bh5 59. Kg3 Bg4 60. Bb2 Bh5 61. Ba3 Bg4 62. Be7 Bh5 63. Bg5 Bg4 64. Kf2 Bh5 65. Ke3 Bg4 66. Kd4 Bh5 67. Kd5 Bg4 68. Kd6 Bh5 69. Ke7 Bg4 70. Kf7 Bh5 71. Kg7 Bg4 72. Kh6 Bh5 73. Kg7 Bg4 1/2-1/2


[Site "https://www.chess.com"]

[Event "Titled Tuesday Blitz August 22 Early 2023"]
[White "Shoker, Samy"]
[Black "Portela Peleteiro, Alberto"]
[WhiteFideId "627143"]
[BlackFideId "22276106"]
[WhiteElo "2712"]
[BlackElo "2533"]
[Result "1/2-1/2"]
[Round "4"]
[TimeControl "180+1"]
[Date "2023.08.22"]
[WhiteClock "0:00:24"]
[BlackClock "0:00:54"]
[Board "71"]

1. Nf3 Nf6 2. g3 g6 3. Bg2 Bg7 4. O-O O-O 5. d3 d5 6. Nbd2 c5 7. e4 Nc6 8. Re1 Qc7 9. Qe2 e5 10. c3 h6 11. exd5 Nxd5 12. a3 Be6 13. Nc4 Rfe8 14. Nfxe5 Nxe5 15. Nxe5 Bxe5 16. Qxe5 Bd7 17. Qxe8+ Rxe8 18. Rxe8+ Bxe8 19. Bxd5 Qe5 20. Be4 c4 21. Bf4 Qe6 22. Rd1 cxd3 23. Bxd3 Bc6 24. Bf1 Qe4 25. f3 Qxf3 26. Rd2 Qh1+ 27. Kf2 Qxh2+ 28. Ke1 Qh5 29. Rd8+ Kh7 30. Bc4 Qf5 31. Kd2 a6 32. Rf8 Kg7 33. Rxf7+ Qxf7 34. Bxh6+ Kf6 35. Bxf7 Kxf7 36. Ke3 Ke6 37. Bf4 Kd5 38. b3 b5 39. Kd3 Bd7 40. c4+ bxc4+ 41. bxc4+ Kc6 42. Kc3 Bf5 43. Be3 Bg4 44. Kd4 Be2 45. c5 Bd1 46. Kc3 Bg4 47. Kb4 Be2 48. Bf4 Bf1 49. Bd6 Be2 50. Kc3 Bf1 51. Kd4 Be2 52. Ke5 Bd1 53. Kf6 Bc2 54. Kg5 Bd3 55. Kf4 Bc2 56. Ke5 Bd3 57. Kd4 Bc2 58. Kc3 Bd1 59. Kb4 Be2 60. Ka5 Bf1 61. Kb4 Be2 1/2-1/2


[Site "https://www.chess.com"]

[Event "Titled Tuesday Blitz August 22 Early 2023"]
[White "seopie"]
[Black "Morefield, Jason"]
[BlackFideId "30920825"]
[WhiteElo "2532"]
[BlackElo "2711"]
[Result "1-0"]
[Round "4"]
[TimeControl "180+1"]
[Date "2023.08.22"]
[WhiteClock "0:00:24"]
[BlackClock "0:00:00"]
[Board "72"]

1. d4 Nf6 2. c4 e6 3. Nf3 d5 4. Nc3 c6 5. e3 Nbd7 6. Qc2 Bd6 7. Bd3 dxc4 8. Bxc4 b5 9. Bd3 Bb7 10. O-O Rc8 11. b3 O-O 12. Bb2 c5 13. Nxb5 cxd4 14. Qe2 Bxf3 15. gxf3 Ne5 16. Nxd4 Nd5 17. f4 Ng6 18. Rad1 Qh4 19. Bxg6 hxg6 20. Qf3 Rfd8 21. Qg3 Qh5 22. Qf3 Qxf3 23. Nxf3 Rc2 24. Rb1 Nb4 25. Nd4 Rc5 26. Ba3 a5 27. Rfd1 g5 28. Bxb4 axb4 29. fxg5 Rxg5+ 30. Kh1 Bf8 31. Nc6 Rxd1+ 32. Rxd1 Kh7 33. Rd7 Rc5 34. Rxf7 Kg8 35. Rc7 Rc1+ 36. Kg2 Kh7 37. Rc8 Bd6 38. Na7 Ra1 39. Rc2 Be5 40. Nb5 Bf6 41. Nd4 e5 42. Ne2 e4 43. Ng3 Bc3 44. Nxe4 Be1 45. f4 Kg6 46. Kf3 Kf5 47. Rc6 Rb1 48. Ng3+ 1-0


[Site "https://www.chess.com"]

[Event "Titled Tuesday Blitz August 22 Early 2023"]
[White "Badelka, Olga"]
[Black "Zhao, Jun"]
[WhiteFideId "13509926"]
[BlackFideId "8602522"]
[WhiteElo "2528"]
[BlackElo "2710"]
[Result "1-0"]
[Round "4"]
[TimeControl "180+1"]
[Date "2023.08.22"]
[WhiteClock "0:00:03"]
[BlackClock "0:00:38"]
[Board "73"]

1. c4 e6 2. Nc3 d5 3. d4 Nf6 4. cxd5 exd5 5. Bg5 Be7 6. e3 O-O 7. Bd3 Re8 8. Nge2 h6 9. Bh4 c6 10. O-O Nbd7 11. f3 b5 12. Bf2 b4 13. Na4 c5 14. e4 dxe4 15. fxe4 Ng4 16. Bc4 cxd4 17. Bxd4 Bf6 18. Bd5 Qc7 19. Rf4 Bxd4+ 20. Qxd4 Ndf6 21. Bxa8 Ba6 22. Rc1 Qb8 23. e5 Qxa8 24. Ng3 Rxe5 25. Rxg4 Rd5 26. Qxf6 Qf8 27. Qxh6 Bb7 28. Qh4 Rd2 29. Ne4 Re2 30. Nf6# 1-0


[Site "https://www.chess.com"]

[Event "Titled Tuesday Blitz August 22 Early 2023"]
[White "Martin Carmona, Gaston Manuel"]
[Black "Karthik Rajaa"]
[WhiteFideId "22284567"]
[BlackFideId "25035215"]
[WhiteElo "2528"]
[BlackElo "2704"]
[Result "0-1"]
[Round "4"]
[TimeControl "180+1"]
[Date "2023.08.22"]
[WhiteClock "0:00:16"]
[BlackClock "0:00:28"]
[Board "74"]

1. e4 c6 2. Nc3 d5 3. Nf3 dxe4 4. Nxe4 Nf6 5. Qe2 Na6 6. b3 Nb4 7. Qc4 e6 8. a3 b5 9. Nxf6+ Qxf6 10. Qc3 Qxc3 11. dxc3 Nxc2+ 12. Kd1 Nxa1 13. Nd2 a5 14. Bb2 Nxb3 15. Nxb3 Bd7 16. Be2 a4 17. Nd4 e5 18. Nc2 Bc5 19. Rf1 O-O-O 20. Kc1 Be6 21. Ne3 Bxe3+ 22. fxe3 f6 23. Kc2 Bc4 24. Rf2 Bxe2 25. Rxe2 Rd7 26. e4 Rhd8 27. Bc1 Rd1 28. Be3 Ra1 29. Bc1 Kb7 30. Kb2 Rxc1 31. Kxc1 Kb6 32. Kc2 Kc5 33. Re3 Kc4 34. Rg3 Rd7 35. Rh3 h6 36. Rg3 c5 37. h3 b4 38. cxb4 cxb4 39. axb4 Kxb4 40. Kb2 a3+ 41. Kb1 Rd1+ 42. Ka2 Rd2+ 43. Ka1 g5 44. Rf3 Rxg2 45. Rxf6 Kc3 46. Rxh6 Kd4 47. h4 g4 48. h5 Kxe4 49. Rg6 Kf5 50. Rg8 Rh2 51. h6 Rxh6 52. Ka2 Rg6 53. Rf8+ Ke4 54. Kxa3 g3 0-1


[Site "https://www.chess.com"]

[Event "Titled Tuesday Blitz August 22 Early 2023"]
[White "Lehtosaari, Mauri"]
[Black "Petrosian, Karlen"]
[WhiteFideId "501999"]
[BlackFideId "4176146"]
[WhiteElo "2528"]
[BlackElo "2700"]
[Result "0-1"]
[Round "4"]
[TimeControl "180+1"]
[Date "2023.08.22"]
[WhiteClock "0:00:08"]
[BlackClock "0:00:34"]
[Board "75"]

1. d4 Nf6 2. Nf3 d6 3. Bg5 Nbd7 4. Nbd2 h6 5. Bxf6 Nxf6 6. e3 g6 7. Bc4 Bg7 8. c3 O-O 9. O-O c5 10. a4 b6 11. Qc2 a6 12. h3 Bb7 13. Ba2 Kh7 14. Rfe1 Rc8 15. Rad1 Rc7 16. Nf1 Qa8 17. N1h2 b5 18. axb5 axb5 19. Bb1 e6 20. Qe2 b4 21. Ng4 cxd4 22. cxd4 Rfc8 23. Nxf6+ Bxf6 24. Bd3 Be4 25. Bxe4 Qxe4 26. Rd2 d5 27. Red1 Kg7 28. Qb5 Be7 29. Ne5 Bd6 30. Nf3 Rc1 31. Qf1 Qb1 32. g3 Rxd1 33. Rxd1 Qxb2 34. Rb1 Qc2 35. Ne5 Bxe5 36. dxe5 Rb8 37. Rc1 Qb2 38. f4 Qd2 39. Qe1 Qxe1+ 40. Rxe1 b3 41. Rb1 b2 42. Kf2 Rb3 43. Ke2 g5 44. Kf3 Kg6 45. fxg5 Kxg5 46. g4 Kh4 47. Kf4 Kxh3 48. Kf3 Kh2 49. Kf2 Kh3 50. Kf3 Kh4 51. Kf4 Rb4+ 52. Kf3 Kg5 53. Kf2 Kxg4 54. Rg1+ Kf5 55. Rb1 Kxe5 56. Ke2 Ke4 57. Kd2 0-1


[Site "https://www.chess.com"]

[Event "Titled Tuesday Blitz August 22 Early 2023"]
[White "ArtemDyachuk"]
[Black "Volovich, Vasily"]
[BlackFideId "34169676"]
[WhiteElo "2526"]
[BlackElo "2696"]
[Result "0-1"]
[Round "4"]
[TimeControl "180+1"]
[Date "2023.08.22"]
[WhiteClock "0:00:00"]
[BlackClock "0:00:26"]
[Board "76"]

1. e4 e6 2. d4 d5 3. e5 c5 4. c3 Nc6 5. Nf3 Bd7 6. Be2 f6 7. O-O fxe5 8. dxe5 Qc7 9. Re1 O-O-O 10. Bf1 h6 11. Bf4 g5 12. Bg3 Nge7 13. Bd3 Bg7 14. Na3 a6 15. b3 g4 16. Nd2 h5 17. Qe2 Rdf8 18. Qe3 h4 19. Bf4 Nf5 20. Qxc5 g3 21. Bxf5 gxf2+ 22. Qxf2 Rxf5 23. Qe3 Rhf8 24. Rf1 Nxe5 25. Rae1 Nf3+ 26. Rxf3 Rxf4 27. Qa7 Rxf3 28. Nxf3 Qxc3 29. Re2 Bc6 30. h3 Rxf3 31. Qa8+ Kc7 32. gxf3 Qxf3 33. Rg2 Bd4+ 34. Kh2 Be5+ 35. Kg1 d4 36. Rg7+ Bxg7 0-1


[Site "https://www.chess.com"]

[Event "Titled Tuesday Blitz August 22 Early 2023"]
[White "Karamsetty, Jeevan"]
[Black "Javakhadze, Zurab"]
[WhiteFideId "2025337"]
[BlackFideId "13603647"]
[WhiteElo "2526"]
[BlackElo "2694"]
[Result "0-1"]
[Round "4"]
[TimeControl "180+1"]
[Date "2023.08.22"]
[WhiteClock "0:00:02"]
[BlackClock "0:00:19"]
[Board "77"]

1. e4 g6 2. d4 Bg7 3. Nc3 d6 4. Be3 a6 5. g4 b5 6. Bg2 Bb7 7. h4 h5 8. gxh5 Rxh5 9. Bf3 Rh8 10. h5 gxh5 11. e5 Bxf3 12. Qxf3 Nd7 13. Rxh5 Rxh5 14. Qxh5 dxe5 15. Qg4 Kf8 16. O-O-O Ngf6 17. Qg2 exd4 18. Rxd4 Qc8 19. Nf3 Qb7 20. Qg3 Nh5 21. Qh4 Bxd4 22. Qxh5 Bxe3+ 23. fxe3 Nf6 24. Qh6+ Ke8 25. Ne5 Qg2 26. b3 Rd8 27. e4 Qg3 28. Qh8+ Qg8 29. Qh6 Rd6 30. Qh3 Qg5+ 31. Kb2 Qxe5 32. Qh8+ Kd7 33. a3 Rc6 34. Qh3+ e6 35. Qd3+ Ke7 36. Qh3 Qxc3+ 37. Qxc3 Rxc3 38. Kxc3 Nxe4+ 0-1


[Site "https://www.chess.com"]

[Event "Titled Tuesday Blitz August 22 Early 2023"]
[White "Jaskolka, Tomasz"]
[Black "Hua, Lefong"]
[WhiteFideId "1170791"]
[BlackFideId "2602253"]
[WhiteElo "2522"]
[BlackElo "2687"]
[Result "1/2-1/2"]
[Round "4"]
[TimeControl "180+1"]
[Date "2023.08.22"]
[WhiteClock "0:00:07"]
[BlackClock "0:00:03"]
[Board "78"]

1. e4 c5 2. Nf3 d6 3. Bb5+ Bd7 4. a4 g6 5. d4 cxd4 6. Qxd4 Nf6 7. Nc3 Bg7 8. O-O O-O 9. Qd3 Nc6 10. Bf4 Rc8 11. Rfe1 Qa5 12. Qd2 Rfd8 13. Bh6 a6 14. Bc4 Ne5 15. Nxe5 Qxe5 16. Bxg7 Kxg7 17. Bb3 Ng4 18. g3 Qh5 19. f4 Qc5+ 20. Kg2 Bc6 21. Bd5 Nf6 22. Bxc6 Rxc6 23. Rad1 Rdc8 24. Qd4 Qxd4 25. Rxd4 Kf8 26. e5 Ne8 27. Re2 dxe5 28. fxe5 Nc7 29. Rdd2 b5 30. axb5 axb5 31. Ne4 Ne6 32. c3 Rc4 33. Rd7 b4 34. Rb7 bxc3 35. Nxc3 h5 36. Nd5 Re8 37. Rf2 Rc5 38. Nf4 Nxf4+ 39. gxf4 Rd8 40. b4 Rc4 41. b5 Rb4 42. b6 Rdd4 43. Rb8+ Kg7 44. b7 e6 45. Rc2 Rd3 46. h4 Ra3 47. Rd2 Rc3 48. Ra2 Rd3 49. Rc2 Rdd4 50. Kg3 Rb3+ 51. Kg2 Rbb4 52. Kg3 Rd3+ 53. Kg2 1/2-1/2


[Site "https://www.chess.com"]

[Event "Titled Tuesday Blitz August 22 Early 2023"]
[White "Estrada Nieto, Julian"]
[Black "Hoang, Thi Bao Tram"]
[WhiteFideId "5101018"]
[BlackFideId "12401102"]
[WhiteElo "2521"]
[BlackElo "2684"]
[Result "0-1"]
[Round "4"]
[TimeControl "180+1"]
[Date "2023.08.22"]
[WhiteClock "0:00:00"]
[BlackClock "0:00:40"]
[Board "79"]

1. e4 c6 2. d4 d5 3. Nc3 dxe4 4. Nxe4 Bf5 5. Ng3 Bg6 6. h4 h6 7. Nf3 Nd7 8. h5 Bh7 9. Bd3 Bxd3 10. Qxd3 e6 11. Bd2 Ngf6 12. O-O-O Be7 13. Qe2 c5 14. dxc5 Qc7 15. Kb1 O-O 16. Rh4 Nxc5 17. Rc4 b5 18. Bf4 Qb7 19. Rcd4 Nd5 20. Be5 f6 21. Bf4 Rfd8 22. Bc1 e5 23. R4d2 Na4 24. Ka1 Nb4 25. Qe4 Qxe4 26. Rxd8+ Rxd8 27. Rxd8+ Bxd8 28. Nxe4 Nxc2+ 29. Kb1 Nb4 30. Nd6 a6 31. Be3 Nd5 32. Nd2 Nxe3 33. fxe3 Nc5 34. Kc2 Bc7 35. N2e4 Nxe4 36. Nxe4 Bb6 37. Kd3 Kf7 38. g4 Ke6 39. Ng3 Bc5 40. Nf5 Bf8 41. e4 Kf7 42. Kc3 g6 43. hxg6+ Kxg6 44. Ne3 Kg5 45. Kd3 Bc5 0-1


[Site "https://www.chess.com"]

[Event "Titled Tuesday Blitz August 22 Early 2023"]
[White "Kavutskiy, Konstantin"]
[Black "ATM622"]
[WhiteFideId "2026384"]
[WhiteElo "2682"]
[BlackElo "2520"]
[Result "1-0"]
[Round "4"]
[TimeControl "180+1"]
[Date "2023.08.22"]
[WhiteClock "0:01:21"]
[BlackClock "0:00:17"]
[Board "80"]

1. e4 c6 2. d4 d5 3. exd5 cxd5 4. Bd3 Nc6 5. c3 Qc7 6. h3 g6 7. Qc2 Bg7 8. Nf3 Nh6 9. O-O O-O 10. Re1 Bf5 11. Bxh6 Bxd3 12. Qxd3 Bxh6 13. Nbd2 e6 14. h4 Qf4 15. g3 Qf5 16. Qxf5 gxf5 17. Kg2 f4 18. g4 Kh8 19. Kh3 Rae8 20. Nb3 b6 21. Nc1 Ne7 22. Nd3 Ng6 23. h5 Ne7 24. g5 Bg7 25. h6 Bxh6 26. gxh6 Nf5 27. Nxf4 Nxh6 28. Ne5 f6 29. Ng4 Nxg4 30. Kxg4 e5 31. Nxd5 f5+ 32. Kf3 e4+ 33. Kf4 Rd8 34. Ne3 Rf7 35. d5 Kg7 36. c4 Kf6 37. Nxf5 Rdf8 38. Rxe4 Kg6 39. Rg1+ 1-0


[Site "https://www.chess.com"]

[Event "Titled Tuesday Blitz August 22 Early 2023"]
[White "Egor_Koshulyan"]
[Black "Perez, Maximiliano"]
[BlackFideId "117234"]
[WhiteElo "2676"]
[BlackElo "2520"]
[Result "1-0"]
[Round "4"]
[TimeControl "180+1"]
[Date "2023.08.22"]
[WhiteClock "0:00:07"]
[BlackClock "0:00:00"]
[Board "81"]

1. f4 d5 2. Nf3 Nf6 3. g3 c5 4. Bg2 Nc6 5. O-O g6 6. d3 Bg7 7. Nc3 O-O 8. e4 dxe4 9. dxe4 e5 10. fxe5 Ng4 11. Qd5 Ncxe5 12. Kh1 Be6 13. Qxc5 Nxf3 14. Bxf3 Bd4 15. Qb5 Nf2+ 16. Rxf2 Bxf2 17. Bh6 Re8 18. Rd1 Qf6 19. Bg2 Bg4 20. Rf1 Qb6 21. Qg5 Be6 22. Na4 Qd4 23. c3 Qd8 24. Rxf2 Bxa2 25. h4 Re6 26. Nc5 Rb6 27. e5 Qxg5 28. Bxg5 Re8 29. Bf6 a5 30. Nxb7 a4 31. Nc5 a3 32. bxa3 Rc8 33. Ne4 Rb1+ 34. Kh2 Be6 35. Ng5 Ra1 36. Nxe6 fxe6 37. Bh3 Rc6 38. Be7 Kg7 39. Bf8+ Kg8 40. Bd6 Kg7 41. Bxe6 Re1 42. Bf8+ Kh8 43. Bd6 Kg7 44. Rf7+ Kh6 45. Bf8+ Kh5 46. Bd5 1-0


[Site "https://www.chess.com"]

[Event "Titled Tuesday Blitz August 22 Early 2023"]
[White "Kovalevsky, Stanislav"]
[Black "Djordjevic, Vuk"]
[WhiteFideId "13508598"]
[BlackFideId "902098"]
[WhiteElo "2519"]
[BlackElo "2669"]
[Result "0-1"]
[Round "4"]
[TimeControl "180+1"]
[Date "2023.08.22"]
[WhiteClock "0:00:02"]
[BlackClock "0:01:24"]
[Board "82"]

1. c4 e5 2. Nc3 Nc6 3. g3 g6 4. Bg2 d6 5. h4 h6 6. d3 Be6 7. Nf3 Qd7 8. Be3 Nge7 9. a3 Bg7 10. b4 a6 11. Rb1 O-O 12. Qc1 Kh7 13. h5 g5 14. Ne4 f5 15. Nexg5+ hxg5 16. Nxg5+ Kh8 17. h6 Bf6 18. b5 axb5 19. cxb5 Na5 20. Nxe6 Qxe6 21. Qxc7 Rfc8 22. Qb6 Nd5 23. Bxd5 Qxd5 24. Rh5 Bd8 25. Bg5 Bxb6 26. Bf6+ Kh7 27. Rg5 Qh1+ 28. Kd2 Nb3+ 29. Rxb3 Qc1# 0-1


[Site "https://www.chess.com"]

[Event "Titled Tuesday Blitz August 22 Early 2023"]
[White "Zhu, Jiner"]
[Black "Bilan, Danila"]
[WhiteFideId "8608059"]
[BlackFideId "24161918"]
[WhiteElo "2663"]
[BlackElo "2517"]
[Result "0-1"]
[Round "4"]
[TimeControl "180+1"]
[Date "2023.08.22"]
[WhiteClock "0:00:04"]
[BlackClock "0:00:05"]
[Board "83"]

1. Nf3 d5 2. g3 Nf6 3. Bg2 c5 4. d3 Nc6 5. O-O Bg4 6. Nbd2 e6 7. e4 Be7 8. h3 Bh5 9. Re1 O-O 10. g4 Bg6 11. e5 Nd7 12. Nf1 b5 13. Bf4 c4 14. d4 b4 15. c3 a5 16. Bg3 a4 17. a3 bxa3 18. bxa3 Na5 19. h4 Nb3 20. Ra2 Qa5 21. h5 Bd3 22. h6 g6 23. Bf4 Qxc3 24. Be3 Rab8 25. Ng3 Qa5 26. Kh2 Rfc8 27. Bh3 Qd8 28. Rg1 Na5 29. Ra1 Rb2 30. Rg2 Nb3 31. Bc1 Rc2 32. Rb1 Rxc1 33. Rxc1 Nxc1 34. Qxc1 Qf8 35. Ne1 Bxa3 36. Qf4 Be7 37. Nf5 exf5 38. gxf5 a3 39. e6 Bd6 40. exf7+ Kh8 0-1


[Site "https://www.chess.com"]

[Event "Titled Tuesday Blitz August 22 Early 2023"]
[White "Castellanos Villela, Alejandro"]
[Black "Glavina, Pablo"]
[WhiteFideId "3446379"]
[BlackFideId "100234"]
[WhiteElo "2657"]
[BlackElo "2515"]
[Result "1-0"]
[Round "4"]
[TimeControl "180+1"]
[Date "2023.08.22"]
[WhiteClock "0:00:25"]
[BlackClock "0:00:01"]
[Board "84"]

1. e4 c6 2. Nf3 d5 3. d3 Bg4 4. h3 Bh5 5. Qe2 e6 6. g4 Bg6 7. h4 h5 8. Ne5 Bh7 9. g5 Bd6 10. exd5 cxd5 11. Bh3 Qc7 12. Nxf7 Qxf7 13. Bxe6 Qe7 14. Nc3 Bb4 15. Bd2 Bxc3 16. Bxc3 Nc6 17. Qxh5+ Kd8 18. Qg4 Bg6 19. O-O-O Bh5 20. Qf5 Bxd1 21. Qxd5+ Kc7 22. Kxd1 Rd8 23. Qe4 Kb8 24. f4 Qc7 25. f5 Ka8 26. h5 Qg3 27. Bxg7 Nge7 28. Bxh8 Rxh8 29. f6 Nc8 30. g6 Nd6 31. Qg4 Qg1+ 32. Rxg1 1-0


[Site "https://www.chess.com"]

[Event "Titled Tuesday Blitz August 22 Early 2023"]
[White "Skvortsov, Andrei"]
[Black "Dinosaurio_1975"]
[WhiteFideId "24108600"]
[WhiteElo "2653"]
[BlackElo "2514"]
[Result "1-0"]
[Round "4"]
[TimeControl "180+1"]
[Date "2023.08.22"]
[WhiteClock "0:00:16"]
[BlackClock "0:00:00"]
[Board "85"]

1. e4 e5 2. d4 exd4 3. Qxd4 Nc6 4. Qd3 g6 5. Nc3 Bg7 6. Nf3 d6 7. h4 Bg4 8. Nd5 Nge7 9. Bg5 h6 10. Bf6 O-O 11. Bxg7 Kxg7 12. Qc3+ f6 13. Nh2 Be6 14. Nf4 Qd7 15. O-O-O Ne5 16. Qxc7 Rac8 17. Qxd6 Qxd6 18. Rxd6 Bxa2 19. Be2 Bb3 20. Ne6+ Kf7 21. Nd4 Bc4 22. b3 Bxe2 23. Nxe2 Rc7 24. Kb2 Rfc8 25. c3 b5 26. f4 N5c6 27. Ng4 Ng8 28. Rhd1 h5 29. Ne3 Nge7 30. Rd7 a5 31. Rxc7 Rxc7 32. Nd4 Na7 33. e5 fxe5 34. fxe5 a4 35. Rf1+ Kg8 36. Rf8+ Kxf8 37. Ne6+ Kf7 38. Nxc7 axb3 39. Kxb3 Nec6 40. e6+ Ke7 41. c4 bxc4+ 42. Kxc4 Nc8 43. Kd5 Nb4+ 44. Ke5 Nd3+ 45. Ke4 Nf2+ 46. Kf4 Kf6 47. Ned5+ Kg7 48. e7 Nxe7 49. Nxe7 Nd3+ 50. Kg3 Ne5 51. Ned5 Kf7 52. Nf4 Ng4 53. Nh3 Kf6 54. Nd5+ Kf5 55. Ng5 Ne5 56. Nf4 Nc4 57. Nd3 Ne3 58. Ne1 Nf1+ 59. Kf2 Nd2 60. Nef3 Nc4 61. g3 Nd6 62. Nd2 Nb5 63. Nc4 Nd4 64. Ne3+ Kf6 65. Kg2 Nc6 66. Nf3 Nb4 67. Kf2 Nd3+ 68. Ke2 Nc5 69. Nd4 Ne4 70. Nf1 Nc3+ 71. Kf3 Nd5 72. Ne2 Kf5 73. Nf4 Nf6 74. Nh3 Nd7 75. Ne3+ Kf6 76. Ke4 Ne5 77. Nd5+ Ke6 78. Ng5+ Kd6 79. Nf4 Ng4 80. Nxg6 1-0


[Site "https://www.chess.com"]

[Event "Titled Tuesday Blitz August 22 Early 2023"]
[White "Tregubov, Pavel V."]
[Black "Yurasova, Daria"]
[WhiteFideId "4115341"]
[BlackFideId "34146919"]
[WhiteElo "2648"]
[BlackElo "2514"]
[Result "1-0"]
[Round "4"]
[TimeControl "180+1"]
[Date "2023.08.22"]
[WhiteClock "0:02:00"]
[BlackClock "0:01:10"]
[Board "86"]

1. e4 e5 2. Nf3 Nc6 3. Bb5 a6 4. Ba4 Nf6 5. d4 exd4 6. O-O Nxe4 7. Nxd4 Nf6 8. Re1+ Ne7 9. Bg5 Ng8 10. Nc3 h6 11. Bf4 g5 12. Be5 f6 13. Qh5+ 1-0


[Site "https://www.chess.com"]

[Event "Titled Tuesday Blitz August 22 Early 2023"]
[White "Palchuk, Andrii"]
[Black "Koutlas, Nikolaos"]
[WhiteFideId "14176688"]
[BlackFideId "25827138"]
[WhiteElo "2647"]
[BlackElo "2513"]
[Result "1-0"]
[Round "4"]
[TimeControl "180+1"]
[Date "2023.08.22"]
[WhiteClock "0:00:26"]
[BlackClock "0:00:56"]
[Board "87"]

1. d4 d5 2. Nc3 Bf5 3. f3 c5 4. dxc5 d4 5. e4 Bg6 6. Nb5 e5 7. c3 Bxc5 8. cxd4 exd4 9. Bf4 Qa5+ 10. Bd2 Qb6 11. Rc1 Nc6 12. Rxc5 Qxc5 13. Nc7+ Kd7 14. Nxa8 Nf6 15. b4 Qh5 16. b5 Ne5 17. Bf4 d3 18. Bxd3 Rxa8 19. Be2+ Ke8 20. g4 Qh4+ 21. Bg3 Nxf3+ 22. Bxf3 Qg5 23. Ne2 Rd8 24. Qc1 Qxb5 25. O-O Nxe4 26. Bxe4 Bxe4 27. Nc3 Qb6+ 28. Bf2 1-0


[Site "https://www.chess.com"]

[Event "Titled Tuesday Blitz August 22 Early 2023"]
[White "Korelskiy, Egor"]
[Black "Nasir, Zehn"]
[WhiteFideId "34329064"]
[BlackFideId "2613239"]
[WhiteElo "2511"]
[BlackElo "2647"]
[Result "0-1"]
[Round "4"]
[TimeControl "180+1"]
[Date "2023.08.22"]
[WhiteClock "0:00:00"]
[BlackClock "0:01:01"]
[Board "88"]

1. e4 c6 2. d4 d5 3. f3 Qb6 4. Nc3 dxe4 5. fxe4 e5 6. Nf3 exd4 7. Nxd4 Nf6 8. Be2 Bc5 9. Na4 Qa5+ 10. c3 Be7 11. b4 Qe5 12. O-O O-O 13. Bf3 Nbd7 14. Nf5 Bd8 15. Be3 Nb6 16. Bd4 Qb5 17. Nxb6 Bxb6 0-1


[Site "https://www.chess.com"]

[Event "Titled Tuesday Blitz August 22 Early 2023"]
[White "Ovchinnikov, Vsevolod"]
[Black "Devaev, Alexander"]
[WhiteFideId "24176842"]
[BlackFideId "4169395"]
[WhiteElo "2645"]
[BlackElo "2500"]
[Result "1-0"]
[Round "4"]
[TimeControl "180+1"]
[Date "2023.08.22"]
[WhiteClock "0:00:09"]
[BlackClock "0:00:00"]
[Board "89"]

1. d4 Nf6 2. c4 e6 3. g3 c5 4. d5 exd5 5. cxd5 d6 6. Nc3 g6 7. Bg2 Bg7 8. Nf3 a6 9. a4 O-O 10. O-O Nbd7 11. Bf4 Qe7 12. h3 Rb8 13. a5 h6 14. Qc1 Kh7 15. Re1 b5 16. axb6 Nxb6 17. Nd2 g5 18. Qb1+ Kg8 19. Be3 Bb7 20. Qa2 Rfe8 21. Rad1 Qd8 22. Nf1 Nfd7 23. Bc1 Ne5 24. Ne3 Bc8 25. Rf1 Ng6 26. Kh2 Qc7 27. Rde1 Qd8 28. Ned1 Qf6 29. Qb1 Bf5 30. e4 Bc8 31. f4 gxf4 32. gxf4 Nh4 33. Bh1 Kh8 34. Qd3 c4 35. Qg3 Rg8 36. Rg1 Bd7 37. Qf2 Bb5 38. Ne3 1-0


[Site "https://www.chess.com"]

[Event "Titled Tuesday Blitz August 22 Early 2023"]
[White "Agibileg, Uurtsaikh"]
[Black "Miszler, Levente"]
[WhiteFideId "4901606"]
[BlackFideId "763276"]
[WhiteElo "2644"]
[BlackElo "2499"]
[Result "1/2-1/2"]
[Round "4"]
[TimeControl "180+1"]
[Date "2023.08.22"]
[WhiteClock "0:00:04"]
[BlackClock "0:00:43"]
[Board "90"]

1. d4 Nf6 2. c4 c5 3. d5 b5 4. Qc2 bxc4 5. e4 e6 6. Bxc4 exd5 7. exd5 d6 8. Ne2 Be7 9. O-O O-O 10. Nbc3 Nbd7 11. Ng3 Ne5 12. Be2 Bb7 13. f4 Ned7 14. Bf3 Nb6 15. Rd1 c4 16. Be3 Rc8 17. Nf5 Nfd7 18. Bd4 Bf6 19. Nxd6 Bxd4+ 20. Rxd4 Qf6 21. Ncb5 Ba6 22. Ne4 Qg6 23. Nbd6 Rc5 24. f5 Qh6 25. Re1 Rxd5 26. Rxd5 Nxd5 27. f6 N7xf6 28. Nf5 Qf4 29. Nc5 Bc8 30. Ng3 Qd4+ 31. Qf2 Qxf2+ 32. Kxf2 Bg4 33. Bxd5 Nxd5 34. Re4 Rc8 35. Rxc4 Be6 36. b3 Nb6 37. Rc1 a5 38. Ne2 a4 39. Nxe6 Rxc1 40. Nxc1 axb3 41. Nxb3 fxe6 42. Nc5 Kf7 43. a4 Nc4 44. Kf3 Ke7 45. Ke4 Kd6 46. Nb3 Kc6 47. Kd4 Nb6 48. a5 Nd7 49. Kc4 Ne5+ 50. Kb4 Nd3+ 51. Kc3 Nf4 52. g3 Nd5+ 53. Kc4 Ne3+ 54. Kd4 Nf1 55. Ke5 Nxh2 56. Kxe6 g5 57. Kf5 g4 58. Kg5 Kb5 59. Kh4 Ka6 60. Kh5 Kb5 61. Kh4 Ka6 62. Kg5 Kb5 63. Kh4 1/2-1/2


[Site "https://www.chess.com"]

[Event "Titled Tuesday Blitz August 22 Early 2023"]
[White "Amartuvshin, Ganzorig"]
[Black "Flynn, Jacob"]
[WhiteFideId "4902548"]
[BlackFideId "2509393"]
[WhiteElo "2640"]
[BlackElo "2488"]
[Result "1-0"]
[Round "4"]
[TimeControl "180+1"]
[Date "2023.08.22"]
[WhiteClock "0:00:05"]
[BlackClock "0:00:00"]
[Board "91"]

1. d4 d5 2. c4 e6 3. Nc3 Nf6 4. Nf3 c5 5. cxd5 exd5 6. g3 Nc6 7. Bg2 cxd4 8. Nxd4 Bc5 9. Nb3 Bb6 10. O-O d4 11. Na4 O-O 12. Bg5 Re8 13. Re1 h6 14. Bxf6 Qxf6 15. Nxb6 axb6 16. Bxc6 bxc6 17. Qxd4 Qd8 18. Qc3 Qc7 19. a4 Bb7 20. a5 bxa5 21. Nxa5 c5 22. b4 Rac8 23. Nxb7 Qxb7 24. bxc5 Qb5 25. Ra5 Qc6 26. e3 h5 27. h4 Re4 28. Rb1 Qd5 29. c6 Qe6 30. Rxh5 Rc4 31. Qd3 g6 32. Rd5 R8xc6 33. Rd8+ Kg7 34. Rbb8 Qh3 35. Rg8+ Kh7 36. Rh8+ Kg7 37. Rbg8+ Kf6 38. Qd8+ Ke5 39. Re8+ Re6 40. Qg5+ Ke4 41. Qf4+ Kd3 42. Rd8+ Kc3 43. Rc8 Rec6 44. Rxc6 Rxc6 45. Qd4+ Kc2 46. Rd8 Qe6 47. Qd2+ Kb3 48. Rb8+ 1-0


[Site "https://www.chess.com"]